 Dungeon Crawl Stone Soup version 0.18.1-48-g4cf74bf (webtiles) character file.

44 Mesmaeker13 the Poker (level 3, -10/28 HPs)
             Began as a Demonspawn Gladiator on Aug 19, 2016.
             Killed from afar by Ijyb (16 damage)
             ... with a wand of lightning
             ... on level 2 of the Dungeon.
             The game lasted 00:03:10 (1182 turns).

Mesmaeker13 the Poker (Demonspawn Gladiator)        Turns: 1182, Time: 00:03:11

Health: -10/28     AC: 14    Str: 15    XL:     3   Next: 41%
Magic:  3/3        EV:  5    Int: 10    God:
Gold:   31         SH:  0    Dex: 13    Spells: 0 memorised, 2 levels left

rFire  . . .     SeeInvis .     a - +0 trident
rCold  . . .     Gourm    .     m - -2 plate armour (curse)
rNeg   . . .     Faith    .     (no shield)
rPois  .         Spirit   .     p - +2 hat
rElec  .         Dismiss  .     (no cloak)
rCorr  .         Reflect  .     (no gloves)
SustAt .         Harm     .     (no boots)
MR     .....                    (no amulet)
Stlth  ..........               (no ring)
                                (no ring)

@: very slightly contaminated, invisible, not resistant to hostile enchantments,
extremely unstealthy
A: iridescent scales 1
a: no special abilities


You were on level 2 of the Dungeon.
You were not hungry.

You visited 1 branch of the dungeon, and saw 2 of its levels.

You collected 31 gold pieces.

Inventory:

Hand Weapons
 a - a +0 trident (weapon)
Missiles
 d - 3 throwing nets (quivered)
Armour
 b - a +0 leather armour
 c - a +1 helmet
 j - a +0 ring mail
 m - a cursed -2 plate armour (worn)
 p - a +2 hat (worn)
 q - a cursed +0 leather armour
Scrolls
 h - a scroll of recharging
 i - 2 scrolls of teleportation
 k - a scroll of fog
Potions
 e - a potion of lignification {unknown}
 g - a potion of beneficial mutation {unknown}
Comestibles
 f - a bread ration
 l - a royal jelly
 o - a beef jerky
 r - 8 fruits


   Skills:
 + Level 2.3 Fighting
 + Level 3.4 Polearms
 - Level 1.7 Throwing
 + Level 0.6 Armour
 - Level 3.1 Dodging


You had 2 spell levels left.
You didn't know any spells.

Dungeon Overview and Level Annotations

Branches:
Dungeon (2/15)

Altars:
Nemelex Xobeh

Annotations:
D:2 Ijyb


Innate Abilities, Weirdness & Mutations

You are partially covered in iridescent scales (AC +4).


Message History

You puncture the goblin!
You kill the goblin!
No target in view!
Ijyb the Twisted Goblin comes into view.
Ijyb shouts!
Ijyb drinks a potion.
Ijyb suddenly seems more resistant.
Ijyb zaps a wand.
The bolt of lightning hits you!
Ouch! That really hurt!
* * * LOW HITPOINT WARNING * * *
It is a wand of lightning.
A kobold comes into view. It is wielding a dagger.
The kobold shouts!
The kobold throws a stone.
The stone hits you but does no damage.
Drink which item? (? for menu, Esc to quit)
It was a potion of invisibility.
You fade into invisibility!
You are very lightly contaminated with residual magic.
Ijyb zaps a wand.
The bolt of lightning hits you!
Ouch! That really hurt!
You die...

#...........[..#
'..##'##...>...###
#..#...#.........#
..##.≈.#.......#.#
#.##.≈.#.........# .
#..#.≈.#..#####.## .#
####.≈.#..# #.# #####.###
#...#..#####'## #........
#####........@####...g....
................#.+........
.......†.....)..#.#....K.K.
..........).....#.#.....#
.........##.....g.g.....#
#........##.......#.###...#
.........###......#.# #..
.........# #......#.# #
#.......#.#


You could see Ijyb.

Vanquished Creatures
  An adder (D:2)
  A dart slug (D:2)
  A giant gecko (D:1)
  3 giant cockroaches (D:1)
  5 goblins
  7 hobgoblins
  6 kobolds (D:1)
  A bat (D:1)
  2 giant newts (D:1)
  2 rats (D:1)
29 creatures vanquished.

Notes
Turn   | Place    | Note
--------------------------------------------------------------
     0 | D:1      | Mesmaeker13 the Demonspawn Gladiator began the quest for the Orb.
     0 | D:1      | Reached XP level 1. HP: 16/16 MP: 1/1
   284 | D:1      | Gained mutation: You are partially covered in iridescent scales (AC +4). [demonic ancestry]
   284 | D:1      | Reached XP level 2. HP: 22/22 MP: 2/2
  1043 | D:2      | Reached XP level 3. HP: 23/28 MP: 3/3
  1081 | D:2      | Found a sparkling altar of Nemelex Xobeh.
  1173 | D:2      | Noticed Ijyb
  1182 | D:2      | Killed from afar by Ijyb

Skill      XL: |  1  2 |
---------------+-------+-----
Polearms       | 3 |  3.4
Dodging        | 3 |  3.1
Fighting       | |  2.3
Throwing       | |  1.7
Armour         | |  0.6

Action                   || total
-------------------------++-------
Melee: Trident           ||   114
  Use: Scroll            ||     4
       Potion            ||     1
  Eat: Chunk             ||     1
Armor: Leather armour    ||     3
       Plate armour      ||    44
       Ring mail         ||    15
Dodge: Dodged            ||    33
